 Dungeon Crawl Stone Soup version 0.26-a0-652-gafc20e3620 (webtiles) character file.

Game seed: 337952947852779701

458 grandjackal the Conjurer (level 6, -23/48 HPs)
             Began as a Demonspawn Hedge Wizard on Oct 3, 2020.
             Blown up by an orc (31 damage)
             ... with a disintegration bolt
             ... on level 3 of the Dungeon.
             The game lasted 00:05:48 (3285 turns).

grandjackal the Conjurer (Demonspawn Hedge Wizard)  Turns: 3285, Time: 00:05:49

Health: -23/48     AC:  8    Str: 12    XL:     6   Next: 77%
Magic:  10/10      EV: 10    Int: 16    God:
Gold:   170        SH:  0    Dex: 12    Spells: 4/11 levels left

rFire    . . .     SeeInvis .   j - +3 short sword
rCold    + . .     Faith    .   (no shield)
rNeg     . . .     Spirit   .   i - +2 ring mail {rC+}
rPois    .         Reflect  .   s - +0 helmet
rElec    .         Harm     .   (no cloak)
rCorr    .         Rampage  .   (no gloves)
MR       .....                  (no boots)
Stlth    +.........             (no amulet)
HPRegen  0.16/turn              (no ring)
MPRegen  0.12/turn              (no ring)

@: no status effects
A: talons 2
a: no special abilities


You were on level 3 of the Dungeon.
You visited 1 branch of the dungeon, and saw 3 of its levels.
You also visited: Sewer.

You collected 170 gold pieces.

Inventory:

Hand Weapons
 j - a +3 short sword (weapon)
Missiles
 g - 7 poisoned darts (quivered)
Armour
 b - a +0 robe
 i - a +2 ring mail of cold resistance (worn)
 s - a +0 helmet (worn)
Wands
 o - a wand of random effects (7)
 q - a wand of disintegration (6)
Scrolls
 a - a scroll of identify {unknown}
 c - a scroll of fear {unknown}
 m - a scroll of teleportation {unknown}
 t - a scroll of random uselessness {unknown}
Potions
 d - a potion of lignification {unknown}
 e - 4 potions of flight {unknown}
 f - a potion of berserk rage {unknown}
 h - a potion of curing {unknown}
 k - 2 potions of ambrosia {unknown}
 l - a potion of might {unknown}
 n - 3 potions of degeneration {unknown}
 r - a potion of stabbing {unknown}


   Skills:
 + Level 3.9 Fighting
 + Level 3.2 Armour
 - Level 1.7 Dodging
 - Level 1.7 Stealth
 - Level 3.0 Spellcasting
 + Level 4.2 Conjurations
   Level 1.0 Summonings
   Level 0.8 Translocations


You had 4 spell levels left.
You knew the following spells:

 Your Spells              Type           Power        Failure   Level
a - Magic Dart            Conj           ###.         7%          1
b - Conjure Flame         Conj/Fire      #.......     45%         3
c - Mephitic Cloud        Conj/Pois/Air  #.......     56%         3

Your spell library contained the following spells:

 Spells                   Type           Power        Failure   Level
 Call Imp                 Summ           #.......     36%         2
 Blink                    Tloc           N/A          38%         2
 Slow                     Hex            #.......     52%         2


Dungeon Overview and Level Annotations

Branches:
Dungeon (3/15)              Sewer (visited)

Altars:
Dithmenos


Innate Abilities, Weirdness & Mutations

You have razor-sharp toenails.


Message History

Aiming: Disintegrate
Press: ? - help, Shift-Dir - straight line, f/p - orc
Aim: an orc, wielding a +0 hand axe and carrying a wand of disintegration (14) (chance to defeat MR: 80%)
The orc barely resists.
The orc priest miscasts a cantrip.
The orc zaps a wand.
You are blasted!
* * * LOW HITPOINT WARNING * * *
Unknown command.
You feel much better.
The orc priest invokes the aid of Beogh against you.
Beogh smites you!
* * * LOW HITPOINT WARNING * * *
The orc barely misses you.
Evoke which item? (* to show all) (? for menu, Esc to quit)
Aiming: Disintegrate
Press: ? - help, Shift-Dir - straight line, f/p - orc
Aim: an orc, wielding a +0 hand axe and carrying a wand of disintegration (13) (chance to defeat MR: 80%)
The orc barely resists.
The orc zaps a wand.
You are blasted!
Ouch! That really hurt!
You die...

#############...........
........................
#.###########...........
#.# ########..........#
#.# .........##########
#.# .........#
..###.........#
#.............##########
.>..............@ooo.gs.
#.............##########
.........######
......... .........
......... .....####
.....# .)..##


You could see an orc priest, 2 orcs, a giant cockroach and a goblin.

Vanquished Creatures
  Sigmund (D:2)
  Purgy (Sewer)
  An orc priest (D:3)
  An orc wizard (D:3)
  Terence (D:2)
  4 adders
  An ooze (D:2)
  4 worms
  A dart slug (D:2)
  A leopard gecko (D:1)
  4 orcs (D:3)
  8 giant cockroaches
  6 hobgoblins
  7 jackals (D:1)
  7 kobolds
  2 quokkas (D:2)
  8 bats
  2 frilled lizards (Sewer)
  10 goblins
  10 rats
80 creatures vanquished.

Notes
Turn   | Place    | Note
-------+----------+-------------------------------------------
     0 | D:1      | grandjackal the Demonspawn Hedge Wizard began the quest for
                  | the Orb.
     0 | D:1      | Reached XP level 1. HP: 13/13 MP: 4/4
   318 | D:1      | Reached skill level 1 in Fighting
   321 | D:1      | Gained mutation: You have sharp toenails. [demonic
                  | ancestry]
   321 | D:1      | Reached XP level 2. HP: 17/21 MP: 0/6
   643 | D:1      | Reached skill level 2 in Conjurations
   670 | D:1      | Gained mutation: You have razor-sharp toenails. [demonic
                  | ancestry]
   670 | D:1      | Reached XP level 3. HP: 8/26 MP: 1/7
  1214 | D:1      | Reached skill level 1 in Armour
  1224 | D:1      | Learned a level 3 spell: Conjure Flame
  1228 | D:1      | Learned a level 3 spell: Mephitic Cloud
  1428 | D:2      | Reached XP level 4. HP: 29/33 MP: 2/8
  2168 | D:2      | Noticed Sigmund
  2182 | D:2      | Killed Sigmund
  2182 | D:2      | Reached skill level 3 in Conjurations
  2182 | D:2      | Reached XP level 5. HP: 30/41 MP: 6/9
  2349 | D:2      | Noticed Terence
  2358 | D:2      | Killed Terence
  2358 | D:2      | Reached XP level 6. HP: 37/47 MP: 6/10
  2633 | D:3      | Found a shadowy altar of Dithmenos.
  2845 | D:3      | Found a glowing drain.
  2932 | Sewer    | Entered a sewer
  3005 | Sewer    | Noticed Purgy
  3014 | Sewer    | Killed Purgy
  3014 | Sewer    | Reached skill level 4 in Conjurations
  3283 | D:3      | HP: 2/48 [disintegration (16)]
  3285 | D:3      | Blown up by an orc

Illustrated notes

Levels and vault maps discovered:
D:1:      tarquinn_simple_flora_water_a, layout_rooms
D:2:      cheibrodos_old_hovel, layout_basic, uniq_sigmund, uniq_terence
D:3:      layout_basic, grunt_dithmenos_smoke_and_mirrors, elyvilon_altar_1,
          cheibrodos_sewer_entry_bend

Skill      XL: |  1  2  3  4  5  6 |
---------------+-------------------+-----
Fighting       | 1 2 3 |  3.9
Conjurations   | 2 3 4 |  4.2
Armour         | 1 2 3 |  3.2
Dodging        | |  1.7
Stealth        | |  1.7
Spellcasting   | |  3.0
Summonings     | |  1.0
Translocations | |  0.8

Action                   |  1- 3 |  4- 6 || total
-------------------------+-------+-------++-------
Melee: Dagger            |    25 |       ||    25
       Short sword       |    52 |    71 ||   123
       Kick              |     2 |     9 ||    11
 Cast: Magic Dart        |    50 |    57 ||   107
       Mephitic Cloud    |       |     4 ||     4
Evoke: Wand              |       |     3 ||     3
  Use: Potion            |       |     1 ||     1
 Stab: Sleeping          |     2 |     1 ||     3
       Confused          |       |     4 ||     4
Armor: Robe              |    15 |    14 ||    29
       Ring mail         |       |     1 ||     1
Dodge: Dodged            |    46 |    60 ||   106

Table legend: (Time is in decaauts)
 A = Elapsed time spent in this place.
 B = Non-inter-level travel time spent in this place.
 C = Inter-level travel time spent in this place.
 D = Time resting spent in this place.
 E = Time spent auto-exploring this place.
 F = Levels seen in this place.
 G = Mean time per level.
                   A        B        C        D        E       F      G
               +--------+--------+--------+--------+--------+-----+--------+
         Total |   3303 |   3265 |     38 |   1193 |   1408 |   4 |  825.8 |
       Dungeon |   3008 |   2970 |     38 |   1120 |   1273 |   3 | 1002.7 |
         Sewer |    295 |    295 |      0 |     73 |    135 |   1 |  295.0 |
               +--------+--------+--------+--------+--------+-----+--------+

Top non-repeatable levels by time:
     D:2: 1373 daAuts
     D:1: 1265 daAuts
     D:3: 369 daAuts
   Sewer: 295 daAuts
